Unix NetHack Version 5.0.0-0 post-release - last build May  4 2026 22:22:43 (774f63e81ad911689b3a0859ea89b322d5daca8d,branch:main).

Game began 2026-05-08 12:15:00, ended 2026-05-09 08:17:11.

31245981910, chaotic male elven Priest

                                  #
                          --------|------
           -------        |.............|                                -----
           |.....|        |.............|      --------                  |...|
           |.....|  ######...    .......)####[#.......|                 #-...|
          #..<...-###     |.............|      |......|                 #|...|
          #-------        |.............|  ####->.....-#                #|...|
          ##              --.---------.--      |......|#                #-----
           ##               ####      #        ------.-#                #
            ##                 ###                  ## #                #
             #                   ####               #  #                #
     ------- #                      #               #  #                #
     |])?%[.|#                      ##         ######  #----------------#
     |!=/(%.-#              ---------.--     --|--     #...............|#
     |+)(?[.|               |...........#####....|      |..............|#
     -------                |..>.......|#    |...|      |.f............|#
                            |..........|#####|...|      |@......d.......#
                            ------------    #-...|      ----------------
                                             -----

31245981910 the Acolyte      St:12 Dx:8 Co:16 In:11 Wi:17 Ch:9  Chaotic
Dlvl:3  $:37 HP:0(24) Pw:47(47) AC:7  Xp:3 T:1361 

Latest messages:
 q - a scroll labeled PRIRUTSENIE.
 You see here a blessed violet spellbook.
 r - a blessed violet spellbook.
 The door opens.
 You swap places with your little dog.
 The door opens.
 You swap places with your little dog.
 The hobbit throws a dagger!
 You are hit by a dagger.
 The hobbit hits!
 You hit the hobbit.
 The hobbit hits!
 You kill the hobbit!
 There is a hobbit corpse here; eat it? [ynq] (n) y
 This hobbit corpse tastes okay.
 You finish eating the hobbit corpse.
 You hear the footsteps of a guard on patrol.
 You miss the coyote.
 The coyote bites!
 You kill the coyote!
 Welcome to experience level 3.
 You kill the coyote!
 You hear someone counting gold coins.
 You see here 9 gold pieces.
 $ - 9 gold pieces (37 in total).
 You hear some noises in the distance.
 You hear some noises in the distance.
 You hear some noises in the distance.
 The kitten bites!
 The kitten bites!
 You miss the kitten.
 The kitten bites!
 You hear some noises in the distance.
 You miss the kitten.
 The kitten bites!
 The kitten bites!
 You miss the kitten.
 The kitten bites!
 The kitten bites!
 You hit the kitten!
 The kitten bites!
 The kitten just misses!
 You miss the kitten.
 The kitten bites!
 You die...
 Do you want your possessions identified? [ynq] (y) y
 Do you want to see your attributes? [ynq] (y) y
 Do you want an account of creatures vanquished? [ynaq] (y) y
 Do you want to see your conduct and achievements? [ynq] (y) y
 Do you want to see the dungeon overview? [ynq] (y) y

Inventory:
 Coins    ('$')
  $ - 37 gold pieces
 Weapons  (')')
  o - a +0 orcish dagger
  a - a blessed +1 mace (weapon in right hand)
 Armor    ('[')
  c - a blessed +0 small shield (being worn)
  b - a +0 robe (being worn)
  n - a +0 T-shirt with text "Go team ant!"
 Comestibles  ('%')
  e - a clove of garlic
  j - a cream pie
  p - 2 lembas wafers
  f - a sprig of wolfsbane
 Scrolls  ('?')
  q - a scroll of magic mapping
 Spellbooks  ('+')
  h - a spellbook of detect food
  r - a blessed spellbook of drain life
  g - a spellbook of healing
 Potions  ('!')
  k - a potion of gain level
  l - a potion of hallucination
  d - 4 potions of holy water
 Tools    ('(')
  i - a wooden flute
 Gems/Stones  ('*')
  m - an aquamarine stone

31245981910 the Priest's attributes:

Background:
 You were an Acolyte, a level 3 elven Priest.
 You were chaotic, nominally on a mission for Offler
 who was opposed by Blind Io (lawful) and The Lady (neutral).
 You were right-handed.
 You were in the Dungeons of Doom, on level 3.
 You entered the dungeon 1361 turns ago.
 You had 43 experience points, 37 more were needed to attain level 4.

Basics:
 You had 0 out of 24 hit points.
 You had all 47 energy points (spell power).
 Your armor class was 7.
 Your wallet contained 37 zorkmids.
 Autopickup was off.

Final Characteristics:
 Your strength was 12 (limit:18).
 Your dexterity was 8 (limit:18).
 Your constitution was 16 (limit:16).
 Your intelligence was 11 (limit:20).
 Your wisdom was 17 (limit:20).
 Your charisma was 9 (limit:18).

Final Status:
 You weren't hungry.
 You were unencumbered.
 You were wielding a mace.
 You had basic skill with mace.

Final Attributes:
 You were devoutly aligned.
 You had infravision.
 You were guarded.
 Your spell casting was enhanced by wearing a robe.
 You are dead.

Miscellaneous:
 You didn't encounter any bones levels.
 Total elapsed playing time was 17 minutes and 15 seconds.

Major events:
 Turn
    1: 31245981910 the chaotic elven Priest entered the dungeon
 1281: attained the rank of Acolyte (level 3)
 1361: killed by a kitten

Spells:
 Name                 Level Category     Fail Retention
 healing                1   healing        0%  76%-100%
 detect food            2   divination    42%  76%-100%

Skills:
 Fighting Skills
   bare handed combat [Unskilled]
 Weapon Skills
   club               [Unskilled]
   mace               [Basic]
   morning star       [Unskilled]
   flail              [Unskilled]
   hammer             [Unskilled]
   quarterstaff       [Unskilled]
   polearms           [Unskilled]
   spear              [Unskilled]
   trident            [Unskilled]
   lance              [Unskilled]
   bow                [Unskilled]
   sling              [Unskilled]
   crossbow           [Unskilled]
   dart               [Unskilled]
   shuriken           [Unskilled]
   boomerang          [Unskilled]
   unicorn horn       [Unskilled]
 Spellcasting Skills
   healing spells     [Unskilled]
   divination spells  [Unskilled]
   clerical spells    [Basic]

Voluntary challenges:
 Character rerolling was not enabled.
 You were an atheist.
 You were illiterate.
 You never genocided any monsters.
 You never polymorphed an object.
 You never changed form.
 You used no wishes.
Achievements:
 You entered a shop.
 You attained the rank of Acolyte.

 The Dungeons of Doom: levels 1 to 3
    Level 1:
       Some fountains.
    Level 2:
    Level 3: <- You were here.
       A general store.
       Final resting place for
          you, killed by a kitten.


Vanquished creatures:
  2 coyotes
  a hobbit
  a giant rat
  a yellow mold
  8 jackals
  a kobold
  2 goblins
  a sewer rat
  4 grid bugs
  2 lichens
23 creatures vanquished.

No species were genocided or became extinct.

Game over:
                       ----------
                      /          \
                     /    REST    \
                    /      IN      \
                   /     PEACE      \
                  /                  \
                  |   31245981910    |
                  |      37 Au       |
                  |   killed by a    |
                  |      kitten      |
                  |                  |
                  |                  |
                  |       2026       |
                 *|     *  *  *      | *
        _________)/\\_//(\/(/\)/\//\/|_)_______

Goodbye 31245981910 the Priest...

You died in The Dungeons of Doom on dungeon level 3 with 306 points,
and 37 pieces of gold, after 1361 moves.
You were level 3 with a maximum of 24 hit points when you died.

